 Dungeon Crawl Stone Soup version 0.32-a0-705-g60f233581c (webtiles) character file.

Game seed: 13616893612316464478

8243 adelrune the Slicer (level 11, -1/81 HPs)
             Began as a Demonspawn Fighter on Mar 14, 2024.
             Was a Believer of Makhleb.
             Slain by a two-headed ogre
             ... wielding a +0 giant club
              (9 damage)
             ... on level 11 of the Dungeon.
             The game lasted 00:37:04 (8472 turns).

adelrune the Slicer (Demonspawn Fighter)            Turns: 8472, Time: 00:37:05

Health: -1/81      AC: 17    Str: 23    XL:     11   Next: 7%
Magic:  17/17      EV:  8    Int: 13    God:    Makhleb [**....]
Gold:   479        SH:  8    Dex:  8    Spells: 10/10 levels left

rFire   . . .        d - +8 arc blade {discharge, rElec}
rCold   . . .        c - +0 buckler
rNeg    . . .        G - +3 scale mail
rPois   +            (helmet restricted)
rElec   +            (no cloak)
rCorr   .            (no gloves)
SInv    .            x - +2 pair of boots
Will    +....        g - amulet of the acrobat Stlth
                     n - +4 ring of protection
HPRegen 0.33/turn    J - ring of willpower
MPRegen 0.15/turn

%: acrobat
@: no status effects
A: large bone plates 1, demonic guardian 1, powered by death 2, demonic touch 1,
horns 1, talons 1, clever 1, clumsy 1, mutation resistance 1, poison resistance,
strong 1, MP-powered wands
a: Renounce Religion, Minor Destruction


You were on level 11 of the Dungeon.
You worshipped Makhleb.
Makhleb was pleased with you.
You visited 2 branches of the dungeon, and saw 12 of its levels.

You collected 479 gold pieces.

Inventory:

Hand Weapons
 a - a +0 war axe
 d - the +8 arc blade (weapon) {discharge, rElec}
   (You found it on level 4 of the Dungeon)

   rElec:     It insulates you from electricity.
Armour
 c - a +0 buckler (worn)
 x - a +2 pair of boots (worn)
 G - a +3 scale mail (worn)
Jewellery
 f - an amulet of magic regeneration
 g - an amulet of the acrobat (around neck)
 n - a +4 ring of protection (left hand)
 o - an amulet of faith
 C - a +5 ring of evasion
 J - a ring of willpower (right hand)
Wands
 A - a wand of polymorph (1)
Scrolls
 h - 2 scrolls of butterflies {unknown}
 j - 5 scrolls of teleportation
 k - 6 scrolls of identify
 l - a scroll of torment {unknown}
 t - 3 scrolls of immolation {unknown}
 u - a scroll of revelation {unknown}
 v - a scroll of fog {unknown}
 y - a scroll of enchant weapon {unknown}
 B - 2 scrolls of silence {unknown}
 D - a scroll of acquirement {unknown}
 F - a scroll of blinking {unknown}
 H - 2 scrolls of fear {unknown}
 I - 2 scrolls of enchant armour {unknown}
 K - a scroll of poison {unknown}
 M - a scroll of vulnerability {unknown}
Potions
 b - 5 potions of attraction {unknown}
 e - 3 potions of haste {unknown}
 i - 6 potions of curing
 m - 3 potions of resistance {unknown}
 p - a potion of magic {unknown}
 q - 6 potions of mutation {unknown}
 r - a potion of enlightenment {unknown}
 s - a potion of invisibility {unknown}
 w - a potion of lignification {unknown}
 z - 2 potions of cancellation {unknown}
 E - 2 potions of heal wounds {unknown}
 L - a potion of brilliance {unknown}


   Skills:
 + Level 6.3 Fighting
 * Level 10.0 Short Blades
 - Level 6.4 Axes
 + Level 5.7 Armour
 + Level 5.6 Shields
 + Level 8.4 Invocations


You had 10 spell levels left.
You didn't know any spells.
Your spell library contained the following spells:

 Spells                   Type           Power      Damage    Failure   Level
 Freeze                   Ice            0%         1d3       65%         1
 Ensorcelled Hibernation  Hex/Ice        0%         N/A       78%         2
 Mercury Vapours          Alch/Air       0%         N/A       78%         2
 Sublimation of Blood     Necr           0%         N/A       78%         2
 Hailstorm                Conj/Ice       0%         3d5       95%         3
 Passwall                 Erth           0%         N/A       95%         3
 Swiftness                Air            0%         N/A       95%         3
 Tukima's Dance           Hex            0%         N/A       95%         3
 Fulminant Prism          Conj/Alch      0%         3d5       100%        4
 Olgreb's Toxic Radiance  Alch           0%         N/A       100%        4
 Passage of Golubria      Tloc           0%         N/A       100%        4
 Petrify                  Alch/Erth      0%         N/A       100%        4
 Sticky Flame             Fire/Alch      0%         2d4       100%        4
 Irradiate                Conj/Alch      0%         3d11      100%        5
 Yara's Violent Unravell  Hex/Alch       0%         3d3       100%        5


Dungeon Overview and Level Annotations

Branches:
Dungeon (11/15)            Temple (1/1) D:4             Orc (0/2) D:9
   Lair: D:8-11

Altars:
Ashenzari
Cheibriados
Dithmenos
Fedhas
Gozag
Hepliaklqana
Kikubaaqudgha
Makhleb
Nemelex Xobeh
Okawaru
Qazlal
Ru
Sif Muna
Trog
Uskayaw
Vehumet
Wu Jian
Xom
Yredelemnul

Shops:
D:2 (   D:6 *

Portals:
Abyss: D:10

Annotations:
D:10 2 transporters, avangion's ghost, journeyman DECj


Innate Abilities, Weirdness & Mutations

You are partially covered in large bone plates. (SH +4)
A weak demonic guardian rushes to your aid.
You regenerate health from kills.
Your touch may inflict minor irresistible damage on your foes.
You have a pair of small horns on your head.
You have sharp toenails.
Your mind is acute. (Int +4, Str/Dex -1)
You are clumsy. (Dex -2)
You are somewhat resistant to further mutation.
Your system is resistant to poisons. (rPois)
Your muscles are strong. (Str +4, Int/Dex -1)
You expend magic power (3 MP) to strengthen your wands.


Message History

A two-headed ogre comes into view.
It is wielding a +0 giant club and a +0 giant spiked club.
Found 15 gold pieces.
The two-headed ogre shouts in stereo!
You puncture the two-headed ogre! You headbutt the two-headed ogre.
The two-headed ogre is lightly wounded.
The two-headed ogre hits you with a +0 giant club.
The two-headed ogre hits you with a +0 giant spiked club.
You hit the two-headed ogre.
The two-headed ogre is moderately wounded.
You hit the two-headed ogre but do no damage.
Your headbutt misses the two-headed ogre.
The two-headed ogre is moderately wounded.
The two-headed ogre hits you with a +0 giant club!
A demonic guardian appears!
The two-headed ogre hits you with a +0 giant spiked club!!
You puncture the two-headed ogre!
Your headbutt misses the two-headed ogre.
The two-headed ogre is moderately wounded.
Your white imp gestures at the two-headed ogre.
The puff of frost hits the two-headed ogre.
You completely miss the two-headed ogre.
The two-headed ogre is heavily wounded.
Your white imp hits the two-headed ogre but does no damage.
You hit the two-headed ogre. You headbutt the two-headed ogre.
The two-headed ogre is severely wounded.
The two-headed ogre barely misses you.
The two-headed ogre hits you with a +0 giant spiked club!!
* * * LOW HITPOINT WARNING * * *
Your white imp hits the two-headed ogre but does no damage.
You puncture the two-headed ogre!
You headbutt the two-headed ogre, but do no damage.
The two-headed ogre is almost dead.
You puncture the two-headed ogre!
The two-headed ogre is almost dead.
Your white imp hits the two-headed ogre but does no damage.
The two-headed ogre hits you with a +0 giant club!
* * * LOW HITPOINT WARNING * * *
A demonic guardian appears!
The two-headed ogre hits you with a +0 giant spiked club!
You die...

...............#
...............#
...............### #
.................## ####.#####
.....<.........#..####.........
...............##.#............
####...##......##...##........#
###..#.....5#.........#.#...
##.######..@......###..... ..
##..O5......# ##.# #.#
#...##......# .
.###..###......# #$#.)..#
######... #!...### ..# ##...?.#
.# #........# #.........#


You could see a two-headed ogre (ally target), a friendly white imp (summoned)
and a friendly ufetubus (summoned).

Vanquished Creatures
  A two-headed ogre (D:9)
  An unseen horror (D:10)
  3 trolls
  A wind drake (D:7)
  2 vampires
  3 wyverns
  A wraith (D:9)
  19 yaks
  2 water moccasins (D:6)
  A black bear (D:5)
  A sky beast (D:6)
  3 orc warriors (D:10)
  An ice beast (D:9)
  2 ogres
  3 centaurs
  A weeping skull (D:8)
  2 kobold brigands (D:6)
  2 bullfrogs
  A gnoll sergeant (D:7)
  2 scorpions (D:6)
  4 killer bees (D:8)
  4 electric eels (D:8)
  A howler monkey (D:5)
  3 bombardier beetles
  2 gnoll boudas (D:8)
  2 hounds
  3 jellies
  An orc priest (D:10)
  An iguana (D:5)
  5 orc wizards
  Robin (D:2)
  6 adders
  27 gnolls
  A shadow imp (D:4)
  A white imp (D:8)
  2 ufetubi (D:5)
  A dart slug (D:1)
  25 orcs
  14 endoplasms
  3 giant cockroaches
  11 goblins
  9 hobgoblins
  9 jackals
  15 kobolds
  5 quokkas
  9 ball pythons
  2 bats (D:2)
  4 frilled lizards
  6 rats
  A spectral orc (D:8)
230 creatures vanquished.

Vanquished Creatures (collateral kills)
  An electric eel (D:8)
1 creature vanquished.

Grand Total: 231 creatures vanquished

Notes
Turn   | Place    | Note
-------+----------+-------------------------------------------
     0 | D:1      | adelrune the Demonspawn Fighter began the quest for the
                  | Orb.
     0 | D:1      | Reached XP level 1. HP: 18/18 MP: 1/1
    79 | D:1      | Gained mutation: You are partially covered in large bone
                  | plates. (SH +4) [demonic ancestry]
    79 | D:1      | Reached XP level 2. HP: 22/24 MP: 2/2
   304 | D:1      | Gained mutation: You regenerate a little health from kills.
                  | [demonic ancestry]
   304 | D:1      | Reached XP level 3. HP: 29/29 MP: 3/3
   632 | D:2      | Found Nimin's Antique Weapon Shop.
  1038 | D:2      | Found a faded altar of an unknown god.
  1059 | D:2      | Prayed at the altar of an unknown god.
  1059 | D:2      | Became a worshipper of Xom of Chaos
  1078 | D:2      | Gained mutation: Your touch may inflict minor irresistible
                  | damage on your foes. [demonic ancestry]
  1078 | D:2      | Reached XP level 4. HP: 35/35 MP: 4/4
  1079 | D:2      | Noticed Robin
  1097 | D:2      | Killed Robin
  1244 | D:2      | XOM: divination: detect creatures
  1441 | D:2      | XOM: silly message
  1588 | D:2      | XOM: smoke on damage
  1681 | D:3      | Gained mutation: You regenerate health from kills. [demonic
                  | ancestry]
  1681 | D:3      | Reached XP level 5. HP: 25/41 MP: 5/5
  2456 | D:3      | Found a shimmering blue altar of Sif Muna.
  2579 | D:4      | Reached skill level 5 in Axes
  2621 | D:4      | XOM: silly message
  2635 | D:4      | XOM: potion effect (berserk rage)
  2680 | D:4      | Got the Textbook on Hypothermia
  2683 | D:4      | Got Qirph's Octavo of Calcination
  2732 | D:4      | Noticed an ogre
  2743 | D:4      | Killed an ogre
  2744 | D:4      | Reached XP level 6. HP: 10/47 MP: 6/6
  3068 | D:4      | XOM: cast spell 'Iskenderun's Battlesphere'
  3136 | D:4      | Found the +8 arc blade {discharge, rElec}
  3148 | D:4      | XOM: repel stairs
  3381 | D:4      | Found a staircase to the Ecumenical Temple.
  3495 | D:4      | XOM is BORED!
  3495 | D:4      | XOM: give mutations
  3495 | D:4      | Gained mutation: You are frail. (-10% HP) [Xom's mischief]
  3495 | D:4      | Gained mutation: You expend magic power (3 MP) to
                  | strengthen your wands. [Xom's mischief]
  3495 | D:4      | Gained mutation: You are somewhat resistant to further
                  | mutation. [Xom's mischief]
  3495 | D:4      | Gained mutation: You have a pair of small horns on your
                  | head. [Xom's mischief]
  3682 | D:5      | Entered Level 5 of the Dungeon
  3729 | D:5      | Reached skill level 1 in Short Blades
  3787 | D:5      | Found a stormy altar of Qazlal.
  3808 | D:5      | XOM: silly message
  3810 | D:5      | Reached skill level 2 in Short Blades
  3810 | D:5      | Reached XP level 7. HP: 46/46 MP: 7/7
  3932 | D:5      | Reached skill level 3 in Short Blades
  3959 | D:5      | XOM: 1-stop teleportation journey
  4039 | D:5      | You fall into a shaft and drop 3 floors!
  4068 | D:8      | XOM: confuse monster(s)
  4074 | D:8      | XOM: divination: detect items
  4078 | D:8      | Reached skill level 4 in Short Blades
  4091 | D:7      | XOM: noise
  4116 | D:6      | Found Uzataeze's Lightly-Used Armoury.
  4123 | D:6      | XOM: divination: magic mapping
  4220 | D:4      | XOM: divination: magic mapping
  4246 | Temple   | Entered the Ecumenical Temple
  4269 | Temple   | Fell from the grace of Xom
  4269 | Temple   | Became a worshipper of Makhleb the Destroyer
  4578 | D:5      | Reached skill level 5 in Short Blades
  4584 | D:5      | Reached skill level 1 in Invocations
  4646 | D:6      | XOM: give mutations
  4646 | D:6      | Gained mutation: Your movements are slightly less
                  | encumbered by armour. (ER -2) [Xom's grace]
  4646 | D:6      | Gained mutation: You have a pair of horns on your head.
                  | [Xom's grace]
  4646 | D:6      | Gained mutation: You have large cloven feet. [Xom's grace]
  4710 | D:6      | Reached XP level 8. HP: 48/52 MP: 9/9
  4877 | D:6      | Reached skill level 6 in Short Blades
  5026 | D:7      | XOM: give mutations
  5026 | D:7      | Gained mutation: You are clumsy. (Dex -2) [Xom's mischief]
  5026 | D:7      | Lost mutation: You have a pair of horns on your head.
                  | [Xom's mischief]
  5026 | D:7      | Lost mutation: You are frail. (-10% HP) [Xom's mischief]
  5026 | D:7      | Gained mutation: Your spells are a little easier to cast,
                  | but a little less powerful. [Xom's mischief]
  5227 | D:7      | Noticed Jeremiah
  5259 | D:7      | Jeremiah changed into Jeremiah the wind drake
  5259 | D:7      | Noticed Jeremiah
  5270 | D:7      | XOM: confusion
  5283 | D:7      | Killed Jeremiah the wind drake
  5283 | D:7      | Reached * piety under Makhleb
  5284 | D:7      | Reached skill level 7 in Short Blades
  5469 | D:7      | Reached skill level 5 in Invocations
  5510 | D:7      | Gained mutation: A weak demonic guardian rushes to your
                  | aid. [demonic ancestry]
  5510 | D:7      | Reached XP level 9. HP: 50/64 MP: 12/12
  5775 | D:8      | Found the +5 robe of Misfortune {Harm *Corrode *Slow EV+5}
  5786 | D:8      | Found a radiant altar of Vehumet.
  5947 | D:8      | Reached skill level 8 in Short Blades
  6058 | D:8      | XOM: give mutations
  6058 | D:8      | Lost mutation: Your movements are slightly less encumbered
                  | by armour. (ER -2) [Xom's mischief]
  6058 | D:8      | Gained mutation: Your mind is acute. (Int +4, Str/Dex -1)
                  | [Xom's mischief]
  6058 | D:8      | Lost mutation: Your spells are a little easier to cast, but
                  | a little less powerful. [Xom's mischief]
  6262 | D:8      | Found a basalt altar of Yredelemnul.
  6440 | D:8      | XOM: give mutations
  6440 | D:8      | Gained mutation: Your system is resistant to poisons.
                  | (rPois) [Xom's grace]
  6440 | D:8      | Lost mutation: You have large cloven feet. [Xom's grace]
  6440 | D:8      | Gained mutation: You have sharp toenails. [Xom's grace]
  6440 | D:8      | Gained mutation: Your muscles are strong. (Str +4, Int/Dex
                  | -1) [Xom's grace]
  6487 | D:8      | XOM: draining
  6516 | D:9      | XOM: noise
  6547 | D:9      | XOM: summons 14 hostile demons
  6571 | D:9      | XOM: noise
  6587 | D:9      | XOM: enchant monster (bad)
  6610 | D:9      | Reached ** piety under Makhleb
  6611 | D:9      | Reached skill level 5 in Fighting
  6611 | D:9      | Reached XP level 10. HP: 74/74 MP: 13/15
  6665 | D:9      | Found an ornate altar of the Wu Jian Council.
  6793 | D:9      | Noticed Psyche
  6795 | D:9      | Psyche changed into Psyche the ice beast
  6795 | D:9      | Noticed Psyche
  6801 | D:9      | Killed Psyche the ice beast
  6863 | D:9      | Reached skill level 9 in Short Blades
  6888 | D:9      | Found a blossoming altar of Fedhas.
  6912 | D:9      | Reached skill level 5 in Armour
  6929 | D:9      | Reached skill level 5 in Shields
  7174 | D:9      | Found a staircase to the Orcish Mines.
  7233 | D:9      | Noticed a two-headed ogre
  7238 | D:9      | Killed a two-headed ogre
  7426 | D:10     | Entered Level 10 of the Dungeon
  7544 | D:10     | XOM: 1-stop teleportation journey
  7693 | D:10     | Found a transporter.
  7698 | D:10     | Found a transporter.
  7699 | D:10     | Found a one-way gate to the infinite horrors of the Abyss.
  7699 | D:10     | Noticed avangion's ghost (journeyman DECj)
  7699 | D:10     | Noticed a sun demon
  7700 | D:10     | Noticed a toenail golem
  7714 | D:10     | Reached XP level 11. HP: 65/81 MP: 17/17
  7770 | D:10     | Noticed an occultist
  7870 | D:10     | XOM: chaos upgrade
  8413 | D:11     | Reached skill level 10 in Short Blades
  8454 | D:11     | Noticed a two-headed ogre
  8472 | D:11     | Slain by a two-headed ogre

Illustrated notes

Levels and vault maps discovered:
D:1:      dpeg_arrival_shrine, layout_rooms
D:2:      minmay_chambers_of_ones, layout_loops_cross, serial_shops, shop,
          ebering_ecumenical_altar_sacrificial, uniq_robin
D:3:      layout_loops_ring, led_sif_pool, minivault_4, hangedman_feature_mirror
D:4:      layout_basic, minmay_temple_entry_gardened_gates, st_stairs_8,
          serial_library_regret_index_headful
D:5:      layout_loops_ring, nicolae_overflow_two_pavilions,
          kennysheep_nondescript
D:6:      layout_rooms, minmay_shop_damaged
D:7:      layout_rooms, uniq_jeremiah
D:8:      layout_rooms, vehumet_crystals, yredelemnul_forgotten_temple_becter,
          serial_bayou_lagoon_a, serial_bayou_lake_a
D:9:      hellmonk_ruined_rings, layout_basic, fedhas_bush_and_centaur_altar,
          amcnicky_altar_gilded, lemuel_coloured_pillars_altar, orc_0_dummy,
          uniq_psyche
D:10:     layout_cave_pods, gammafunk_ghost_abyssal_escape
D:11:     layout_rooms, david_lair_shrubbed
Temple:   eino_narrow_crystal_temple

Skill      XL: |  1  2  3  4  5  6  7  8  9 10 11 |
---------------+----------------------------------+-----
Axes           | 2 3 4 5 6 |  6.4
Short Blades   | 2 5 7 8 9 10 | 10.0
Invocations    | 2 5 6 8 |  8.4
Armour         | 3 4 5 |  5.7
Shields        | 3 4 5 |  5.6
Fighting       | 5 6 |  6.3

Action                     |  1- 3 |  4- 6 |  7- 9 | 10-12 || total
---------------------------+-------+-------+-------+-------++-------
  Melee: War axe           |   139 |   157 |       |       ||   296
         Rapier            |       |    26 |   243 |   128 ||   397
         Headbutt          |       |     4 |    37 |    32 ||    73
  Evoke: Wand              |       |       |     1 |     2 ||     3
    Use: Potion            |       |     1 |     1 |     1 ||     3
         Scroll            |       |       |       |     2 ||     2
   Stab: Confused          |       |       |     1 |       ||     1
 Armour: Scale mail        |    79 |   125 |   194 |   134 ||   532
  Dodge: Dodged            |    66 |    58 |    90 |    34 ||   248
  Block: Buckler           |    67 |    74 |    84 |    38 ||   263

Table legend: (Time is in decaauts)
 A = Elapsed time spent in this place.
 B = Non-inter-level travel time spent in this place.
 C = Inter-level travel time spent in this place.
 D = Time resting spent in this place.
 E = Time spent auto-exploring this place.
 F = Levels seen in this place.
 G = Mean time per level.
                   A        B        C        D        E       F      G
               +--------+--------+--------+--------+--------+-----+--------+
         Total |   8609 |   8161 |    448 |    859 |   5349 |  12 |  717.4 |
       Dungeon |   8570 |   8136 |    434 |    859 |   5349 |  11 |  779.1 |
        Temple |     38 |     24 |     14 |      0 |      0 |   1 |   38.0 |
               +--------+--------+--------+--------+--------+-----+--------+

Top non-repeatable levels by time:
     D:4: 1243 daAuts
     D:2: 1070 daAuts
    D:10: 969 daAuts
     D:9: 915 daAuts
     D:3: 891 daAuts
     D:8: 787 daAuts
     D:7: 778 daAuts
     D:5: 698 daAuts
     D:1: 659 daAuts
     D:6: 448 daAuts
    D:11: 107 daAuts
  Temple: 38 daAuts
